 Dungeon Crawl Stone Soup version 0.31-a0-190-g4feb4907b2 (webtiles) character file.

Game seed: 11989211929100322651

1227 qw the Skirmisher (level 8, -1/46 HPs)
             Began as a Deep Elf Hunter on June 23, 2023.
             Killed from afar by a steam dragon (19 damage)
             ... with a ball of steam
             ... on level 6 of the Dungeon.
             The game lasted 00:01:30 (4082 turns).

qw the Skirmisher (Deep Elf Hunter)                 Turns: 4082, Time: 00:01:31

Health: -1/46      AC:  7    Str: 14    XL:     8   Next: 23%
Magic:  10/10      EV: 13    Int: 15    God:
Gold:   156        SH:  0    Dex: 20    Spells: 7/7 levels left

rFire   . . .        Y - +3 shortbow
rCold   . . .        (shield currently unavailable)
rNeg    . . .        o - +0 ring mail
rPois   +            (no helmet)
rElec   .            (no cloak)
rCorr   .            q - +0 pair of gloves
SInv    .            p - +0 pair of boots
Will    .....        a - amulet of the acrobat
Stlth   +            f - +6 ring of strength
HPRegen 0.27/turn    k - ring of poison resistance
MPRegen 0.12/turn

%: acrobat
@: about to teleport
A: no striking features
a: no special abilities


You were on level 6 of the Dungeon.
You visited 1 branch of the dungeon, and saw 6 of its levels.

You collected 263 gold pieces.
You spent 107 gold pieces at shops.


   Skills:
 - Level 3.3 Fighting
 + Level 12.1 Ranged Weapons
 - Level 1.0 Armour
 - Level 4.7 Dodging
 - Level 1.2 Stealth


You had 7 spell levels left.
You didn't know any spells.
Your spell library was empty.

Inventory:

Hand Weapons
 Y - a +3 shortbow (weapon)
Armour
 o - a +0 ring mail (worn)
 p - a +0 pair of boots (worn)
 q - a +0 pair of gloves (worn)
Jewellery
 a - an amulet of the acrobat (around neck)
 f - a +6 ring of strength (left hand)
 k - a ring of poison resistance (right hand)
Scrolls
 e - a scroll of identify
 n - 5 scrolls of teleportation
Potions
 b - 2 potions of enlightenment
 c - a potion of degeneration {unknown}
 g - a potion of cancellation {unknown}
 h - a potion of curing
 i - a potion of mutation {unknown}
 j - a potion of resistance {unknown}
 l - a potion of might {unknown}

Dungeon Overview and Level Annotations

Branches:
Dungeon (6/15)
 Temple: D:4-7

Altars:

Shops:
D:3 (*[


Message History

a +0 club; a +0 leather armour; an orc corpse
Things that are here:
a +0 club; a +0 leather armour; an orc corpse
Things that are here:
a +0 dagger; a +0 robe; an orc corpse
Found 2 stones.
Enter note:
Enter note: 2 steam dragons come into view.
The steam dragon hisses angrily. x2
Enter note:
Enter note:
4075 ||| Stepping ~*~*~tactically~*~*~ (outnumbered).
The steam dragon breathes steam at you.
The ball of steam hits the fungus!!
The fungus begins to die.
The ball of steam hits you!!
Enter note: You start resting.
You shoot an arrow. The arrow hits the steam dragon!
The steam dragon is moderately wounded.
The fungus is engulfed in a cloud of scalding steam.
You shoot an arrow. The arrow hits the steam dragon.
The steam dragon is heavily wounded.
The steam dragon breathes steam at you.
The ball of steam hits the steam dragon.
The steam dragon resists.
The ball of steam hits you! The steam dragon breathes steam at you.
The ball of steam hits you!
4081 ||| READING 6 scrolls of teleportation.
As you read the scroll of teleportation, it crumbles to dust.
You feel strangely unstable.
You are engulfed in a cloud of scalding steam.
4082 ||| DRINKING potion of heal wounds.
You feel much better.
You are engulfed in a cloud of scalding steam.
A nearby fungus withers and dies.
The steam dragon breathes steam at you.
The ball of steam hits the steam dragon.
The steam dragon resists.
The ball of steam hits you!!
You die...

#.###.#.###.#.......#.
##...........#.........
.............#.#####...
###.....(....#....<....
......................#
#.........######.....
####¤.##..........#.#
#¤¤######...##.#.# #@¤#
##...#.#.# #¤D#
##..#.#)#
###¤.D..~.#.......
D......#..#.#)#
......~#..#.#)#
.~...~##.##.#..
~PP~~~##....###
##PP######### # ### #


You could see a steam dragon.

Vanquished Creatures
  3 water moccasins
  A black bear (D:6)
  An ogre (D:4)
  Blork the orc (D:4)
  4 scorpions
  2 howler monkeys (D:5)
  A hound (D:4)
  2 orc priests (D:5)
  4 iguanas
  An orc wizard (D:6)
  3 gnolls
  3 adders
  3 worms
  8 orcs
  5 ball pythons
  3 bats
  4 endoplasms
  3 giant cockroaches
  5 goblins
  9 hobgoblins
  12 jackals
  4 kobolds
  6 rats
88 creatures vanquished.

Notes
Turn   | Place    | Note
-------+----------+-------------------------------------------
     0 | D:1      | qw the Deep Elf Hunter began the quest for the Orb.
     0 | D:1      | Reached XP level 1. HP: 12/12 MP: 3/3
     0 | D:1      | 0 ||| qw: Version: 0.3-a-9-g12657ce
     0 | D:1      | 0 ||| qw: Game counter: 4479
     0 | D:1      | 0 ||| qw: Always use a shield: true
     0 | D:1      | 0 ||| qw: God list: Okawaru
     0 | D:1      | 0 ||| qw: Allow faded altars: false
     0 | D:1      | 0 ||| qw: Do Orc after D:15 true
     0 | D:1      | 0 ||| qw: Do second Lair branch before Depths: true
     0 | D:1      | 0 ||| qw: Lair rune preference: random
     0 | D:1      | 0 ||| qw: Plans: Normal
     0 | D:1      | 0 ||| PLANNING D:1-11
   200 | D:1      | Reached skill level 6 in Ranged Weapons
   200 | D:1      | Reached XP level 2. HP: 16/16 MP: 4/4
   652 | D:1      | 652 ||| UPGRADING to +6 ring of strength.
   653 | D:1      | 653 ||| UPGRADING to ring of poison resistance.
   654 | D:1      | 654 ||| READING scroll labelled PEUFAMPERR.
   655 | D:1      | 655 ||| READING scroll labelled GOASAE XOXEBAMP.
   656 | D:1      | 656 ||| READING scroll labelled KUS DARORO.
   661 | D:1      | 661 ||| READING scroll labelled JIEXTEE MAAT.
   662 | D:1      | 662 ||| DRINKING 2 lumpy clear potions.
   663 | D:1      | 663 ||| DROPPING scroll of butterflies.
   722 | D:2      | Reached XP level 3. HP: 20/20 MP: 5/5
   894 | D:2      | Reached skill level 7 in Ranged Weapons
  1016 | D:2      | 1016 ||| UPGRADING to amulet of the acrobat.
  1021 | D:2      | 1021 ||| READING scroll labelled FOHUCU VUOT.
  1026 | D:3      | Found Feyseu's Weapon Emporium.
  1059 | D:3      | Found Voecyfoa's Assorted Antiques.
  1062 | D:3      | 1062 ||| BUYING metallic green potion (19 gold).
  1062 | D:3      | Bought a metallic green potion for 19 gold pieces
  1062 | D:3      | 1062 ||| BUYING ring mail (88 gold).
  1062 | D:3      | Bought a ring mail for 88 gold pieces
  1062 | D:3      | 1062 ||| SHOPLISTING scroll labelled VYDATU SOFEWK (22
                  | gold, have 7).
  1062 | D:3      | 1062 ||| SHOPLISTING scroll of identify (44 gold, have 7).
  1062 | D:3      | 1062 ||| SHOPLISTING scroll of teleportation (66 gold, have
                  | 7).
  1062 | D:3      | 1062 ||| SHOPLISTING triangular malachite amulet (110 gold,
                  | have 7).
  1064 | D:3      | Found Otsutrid's Antique Armour Emporium.
  1281 | D:3      | Reached XP level 4. HP: 25/25 MP: 6/6
  1283 | D:3      | Noticed a scorpion
  1289 | D:3      | Killed a scorpion
  1290 | D:3      | Reached skill level 8 in Ranged Weapons
  1295 | D:3      | Reached XP level 5. HP: 29/29 MP: 7/7
  1337 | D:3      | Noticed a water moccasin
  1342 | D:3      | Killed a water moccasin
  1429 | D:3      | 1429 ||| UPGRADING to +0 ring mail.
  1439 | D:3      | 1439 ||| DROPPING +0 leather armour.
  1440 | D:3      | 1440 ||| READING scroll labelled RAWINA XAUS.
  1441 | D:3      | 1441 ||| READING scroll labelled KOL AX MIFEZED.
  1442 | D:3      | 1442 ||| DRINKING 2 metallic green potions.
  1443 | D:3      | 1443 ||| READING 2 scrolls of identify.
  1443 | D:3      | 1443 ||| IDENTIFYING smoky white potion
  1444 | D:3      | 1444 ||| DROPPING potion of brilliance.
  1483 | D:4      | 1483 ||| STAIRDANCE
  1490 | D:3      | Reached XP level 6. HP: 13/34 MP: 8/8
  1794 | D:4      | Reached skill level 9 in Ranged Weapons
  2259 | D:4      | Reached XP level 7. HP: 40/40 MP: 9/9
  2277 | D:4      | Noticed Blork the orc
  2280 | D:4      | 2280 ||| FLEEEEING.
  2281 | D:4      | 2281 ||| FLEEEEING.
  2282 | D:4      | 2282 ||| FLEEEEING.
  2283 | D:4      | 2283 ||| FLEEEEING.
  2284 | D:4      | 2284 ||| FLEEEEING.
  2285 | D:4      | 2285 ||| STAIRDANCE
  2327 | D:3      | 2327 ||| UPGRADING to +0 pair of boots.
  2332 | D:3      | 2332 ||| READING scroll labelled DEUTAS BOBE.
  2333 | D:3      | 2333 ||| READING 2 scrolls of identify.
  2333 | D:3      | 2333 ||| IDENTIFYING blue potion
  2339 | D:4      | 2339 ||| STAIRDANCE
  2380 | D:4      | Killed Blork the orc
  2381 | D:4      | Reached skill level 10 in Ranged Weapons
  2386 | D:4      | 2386 ||| READING scroll of enchant weapon.
  2386 | D:4      | 2386 ||| ENCHANTING +1 shortbow.
  2453 | D:5      | Entered Level 5 of the Dungeon
  2458 | D:5      | Reached skill level 1 in Armour
  2462 | D:5      | 2462 ||| STAIRDANCE
  2574 | D:5      | 2574 ||| READING scroll of enchant weapon.
  2574 | D:5      | 2574 ||| ENCHANTING +2 shortbow.
  2701 | D:5      | Reached skill level 11 in Ranged Weapons
  2765 | D:5      | 2765 ||| FLEEEEING.
  2766 | D:5      | 2766 ||| FLEEEEING.
  2767 | D:5      | 2767 ||| FLEEEEING.
  2768 | D:5      | 2768 ||| FLEEEEING.
  2769 | D:5      | 2769 ||| FLEEEEING.
  2770 | D:5      | 2770 ||| FLEEEEING.
  2771 | D:5      | 2771 ||| FLEEEEING.
  2772 | D:5      | 2772 ||| FLEEEEING.
  2773 | D:5      | 2773 ||| FLEEEEING.
  2774 | D:5      | 2774 ||| FLEEEEING.
  2775 | D:5      | 2775 ||| FLEEEEING.
  2776 | D:5      | 2776 ||| STAIRDANCE
  2868 | D:4      | 2868 ||| READING scroll labelled GIS DIXZEHI.
  2869 | D:4      | 2869 ||| DRINKING 2 fizzy pink potions.
  2893 | D:4      | 2893 ||| DROPPING potion of lignification.
  3067 | D:5      | Reached XP level 8. HP: 44/44 MP: 10/10
  3270 | D:5      | Reached skill level 12 in Ranged Weapons
  3754 | D:5      | 3754 ||| UPGRADING to +0 pair of gloves.
  3759 | D:5      | 3759 ||| READING scroll labelled VOAGUY EMAETSE.
  3847 | D:6      | HP: 10/45 [poisoned by a water moccasin]
  3852 | D:6      | HP: 5/45 [poisoned by a water moccasin]
  4025 | D:6      | Reached skill level 3 in Fighting
  4075 | D:6      | 4075 ||| Stepping ~*~*~tactically~*~*~ (outnumbered).
  4080 | D:6      | HP: 5/46 [steam dragon/ball of steam (7)]
  4081 | D:6      | 4081 ||| READING 6 scrolls of teleportation.
  4082 | D:6      | 4082 ||| DRINKING potion of heal wounds.
  4082 | D:6      | Killed from afar by a steam dragon

Levels and vault maps discovered:
D:1:      sevenhm_arrival_forest_fort_small_4, layout_basic,
          nicolae_figureground_sparkle
D:2:      layout_rooms
D:3:      layout_rooms, serial_shops, shop, nicolae_shop_hallway_stairs,
          nicolae_shop_behind_doors, minivault_14
D:4:      layout_loops_ring, uniq_blork_the_orc, uniq_menkaure
D:5:      layout_layer_cave, serial_park_tiny_pond,
          chequers_serial_rivers_micro_b
D:6:      kennysheep_steamy, layout_basic, grunt_gozag_breadcrumbs,
          minmay_temple_entry_from_below_b, minmay_misc_feat_chi

Skill      XL: |  1  2  3  4  5  6  7  8 |
---------------+-------------------------+-----
Ranged Weapons | 6 7 8 9 11 12 | 12.1
Dodging        | 4 |  4.7
Fighting       | 2 3 |  3.3
Armour         | 1 |  1.0
Stealth        | |  1.2

Action                     |  1- 3 |  4- 6 |  7- 9 || total
---------------------------+-------+-------+-------++-------
   Fire: Shortbow          |    89 |    82 |   119 ||   290
    Use: Scroll            |     5 |     3 |     7 ||    15
         Potion            |     1 |     1 |     2 ||     4
 Armour: Leather armour    |     3 |       |       ||     3
         Ring mail         |       |     3 |     9 ||    12
  Dodge: Dodged            |     2 |    29 |    19 ||    50

Table legend:
 A = Non-vault XP
 B = Vault XP
 C = Vault XP percentage of total XP
 D = Non-vault monster count
 E = Vault monster count
 F = Vault count percentage of total count
                 A         B        C        D         E       F
            +---------+---------+-------+---------+---------+-------
      Total |    1654 |      99 |   5.6 |      87 |       1 |   1.1
            +---------+---------+-------+---------+---------+-------
        D:1 |      32 |       0 |   0.0 |      20 |       0 |   0.0
        D:2 |      45 |       0 |   0.0 |      17 |       0 |   0.0
        D:3 |     286 |       0 |   0.0 |      11 |       0 |   0.0
        D:4 |     410 |      99 |  19.4 |      17 |       1 |   5.6
        D:5 |     561 |       0 |   0.0 |      17 |       0 |   0.0
        D:6 |     320 |       0 |   0.0 |       5 |       0 |   0.0
            +---------+---------+-------+---------+---------+-------
